Blues vs Capitals

Created - 20 décembre 2017 at 21:04

Goals
1 2 3 T
Blues 4 1 0 5
Capitals 2 1 0 3
Shots
1 2 3 T
Blues 10 9 10 29
Capitals 6 10 5 21

1st period

1. Blues , Mike Fisher 11 (Rick Nash 13, Brian Gionta 13) at 4:21
2. Capitals , Alexander Ovechkin 19 (Calvin de Haan 11, Mike Green 14) at 10:27
3. Capitals , Ryan McDonagh 4 (David Desharnais 7, Alexander Ovechkin 16) at 10:55
4. Blues , Jay Bouwmeester 7 (Jiri Hudler 5, Adam Cracknell 1) at 11:12
5. Blues , Mike Fisher 12 (Rick Nash 14) at 16:58
6. Blues , Marian Hossa 16 (Jay McClement 11) at 18:29

Penalties :
Calvin de Haan (WSH) for Roughing (Minor) at 5:44, Ryan Kesler (WSH) for Interference (Minor) at 10:06, Cal Clutterbuck (STL) for Hooking (Minor) at 10:06

2nd period

7. Blues , John-Michael Liles 5 (Brian Flynn 7, Kris Versteeg 14) at 11:17
8. Capitals , Ryan McDonagh 5 (Ryan Murphy 1, Sergey Kalinin 1) at 13:43

Penalties :
Matt Irwin (STL) for Interference (Minor) at 1:52, Niklas Kronwall (STL) for Tripping (Minor) at 6:45, Taylor Hall (WSH) for Hooking (Minor) at 18:21

3rd period

No Goal

Penalties :
No Penalty

Goalie Stats

Ryan Miller (STL), 18 saves from 21 shots - (0.857), W, 7-11-2, 60:00 minutes
Chris Driedger (WSH), 19 saves from 20 shots - (0.950), 41:31 minutes
Cam Ward (WSH), 5 saves from 9 shots - (0.556), L, 18-13-4, 18:29 minutes

Players Stats for Blues

Player Name              G  A  P  +/- PIM S  H  SB GA TA FO     MP     PP MP  PK MP  
------------------------------------------------------------------------------------
Adam Cracknell           0  1  1   1  0   0  0  0  0  0  1/1     0:34   0:00   0:00 
Brian Flynn              0  1  1   1  0   1  1  1  0  0  7/14   15:04   0:00   0:00 
Brian Gionta             0  1  1   2  0   4  1  0  0  0  1/2    24:43   2:03   2:50 
Cal Clutterbuck          0  0  0   0  2   1  0  0  0  0  0/0     5:17   0:00   0:00 
Chris Wideman            0  0  0   2  0   0  0  0  0  0  0/0    16:27   0:00   1:42 
Dwight King              0  0  0   0  0   1  0  0  0  0  0/1    17:42   1:55   0:00 
Jay Bouwmeester          1  0  1   3  0   2  2  2  0  0  0/0    24:49   2:03   2:16 
Jay McClement            0  1  1   0  0   1  1  0  0  0  8/19   17:42   1:55   0:00 
Jiri Hudler              0  1  1   1  0   1  0  0  0  0  0/0     0:34   0:00   0:00 
John-Michael Liles       1  0  1   3  0   1  0  1  0  0  0/0    15:02   0:00   0:00 
Johnny Boychuk           0  0  0   2  0   0  0  2  0  0  0/0    24:32   2:03   2:16 
Kris Versteeg            0  1  1   1  0   2  1  0  0  0  0/0    15:04   0:00   0:00 
Marian Hossa             1  0  1  -2  0   3  0  0  0  0  2/5    19:39   1:55   1:08 
Matt Irwin               0  0  0  -3  2   2  0  1  0  0  0/0    19:40   1:55   0:57 
Michael Raffl            0  0  0   1  0   1  1  0  0  0  0/1    15:04   0:00   0:00 
Mike Fisher              2  0  2   2  0   6  5  0  0  0  19/33  24:43   2:03   2:50 
Niklas Kronwall          0  0  0  -3  2   2  2  1  0  0  0/0    19:28   1:55   0:45 
Rick Nash                0  2  2   0  0   1  1  0  0  0  1/1    17:56   2:03   1:08 

Players Stats for Capitals

Player Name              G  A  P  +/- PIM S  H  SB GA TA FO     MP     PP MP  PK MP  
------------------------------------------------------------------------------------
Alexander Ovechkin       1  1  2   1  0   2  2  0  0  0  2/3    24:01   2:06   1:45 
Andrew Desjardins        0  0  0  -3  0   0  2  1  0  0  1/3    17:25   0:00   0:57 
Calvin de Haan           0  1  1  -1  2   1  1  2  0  0  0/0    19:29   1:48   1:03 
Cody Eakin               0  0  0   0  0   0  1  0  0  0  1/4    19:31   1:52   2:13 
David Desharnais         0  1  1   0  0   3  0  0  0  0  2/3    19:44   1:52   0:18 
Derek Dorsett            0  0  0   0  0   0  0  0  0  0  0/0     3:22   0:00   0:00 
Dmitri Orlov             0  0  0   0  0   0  2  0  0  0  0/0    16:49   0:00   0:00 
Jack Johnson             0  0  0  -2  0   1  2  0  0  0  0/0    22:22   2:10   2:03 
Mathieu Perreault        0  0  0   0  0   3  1  0  0  0  3/12   11:55   0:00   0:00 
Mike Blunden             0  0  0   0  0   0  0  0  0  0  0/0     0:00   0:00   0:00 
Mike Green               0  1  1  -1  0   0  3  1  0  0  0/0    20:31   1:48   2:04 
Morgan Rielly            0  0  0   0  0   0  0  0  0  0  0/0    15:28   0:00   0:52 
Ryan Kesler              0  0  0  -1  2   3  1  0  0  0  17/30  26:15   2:06   2:11 
Ryan McDonagh            2  0  2  -1  0   5  4  2  0  0  0/0    18:32   2:10   1:54 
Ryan Murphy              0  1  1   1  0   0  1  1  0  0  0/0     6:48   0:00   0:00 
Sergey Kalinin           0  1  1  -2  0   0  1  0  0  0  8/10   16:11   0:00   0:00 
Taylor Hall              0  0  0  -2  2   1  2  1  0  0  1/5    21:50   2:06   0:32 
Viktor Stalberg          0  0  0   0  0   2  1  0  0  0  3/7    13:47   1:52   0:00 

3 Stars

1 - Mike Fisher (STL)
2 - Ryan McDonagh (WSH)
3 - Jay Bouwmeester (STL)

Power Play

Blues - 0 on 2 Attempt(s) - 0.00%
Capitals - 0 on 2 Attempt(s) - 0.00%

Penalty Kill

Blues - 2 on 2 Attempt(s) - 100.00% - Score 0 goal in Penalty Kill
Capitals - 2 on 2 Attempt(s) - 100.00% - Score 0 goal in Penalty Kill

Team Stat

Blues - Hits : 15 - Faceoff Wins : 39 - Blocked Shots : 8 - Penalty Minutes : 6
Capitals - Hits : 24 - Faceoff Wins : 38 - Blocked Shots : 8 - Penalty Minutes : 6

Official

Referees : Dennis LaRue and Brad Meier
Linesman : Tony Sericolo and Brandon Gawryletz

Game Notes

Chris Driedger enters game at 18:29 of 1st period
Ryan McDonagh is injured at 4:01 of 3rd period (Left Hand)

Finance

Level 1 -- Attendance: 2553 (39.28%) -- Ticket Income 638 250 $
Level 2 -- Attendance: 1655 (33.10%) -- Ticket Income 331 000 $
Level 3 -- Attendance: 977 (27.91%) -- Ticket Income 170 975 $
Level 4 -- Attendance: 621 (24.78%) -- Ticket Income 93 150 $
Luxury Box -- Attendance: 488 (48.80%) -- Ticket Income 195 200 $
Game was played at the Verizon Center.
Total Attendance: 6294 (34.01%)
Total Ticket Income: 1 428 575 $
Other Income: 214 286 $
Total Income: 1 642 861 $

% Time on Ice - Blues

Lines # - Real PCT - Wanted PCT - Time Play
Normal Forward
1 - 28% - 40% - 13:56
2 - 32% - 30% - 15:47
3 - 30% - 20% - 15:04
4 - 11% - 10% - 5:18
Normal Defense
1 - 36% - 40% - 18:10
2 - 32% - 30% - 15:50
3 - 29% - 20% - 14:45
4 - 3% - 10% - 1:20
PP Forward
1 - 52% - 60% - 2:03
2 - 48% - 40% - 1:55
PP Defense
1 - 52% - 60% - 2:03
2 - 48% - 40% - 1:55
PK Forward
1 - 71% - 60% - 2:50
2 - 29% - 40% - 1:08
PK Defense
1 - 57% - 60% - 2:16
2 - 43% - 40% - 1:42
PK3 Forward
1 - 0% - 60%
2 - 0% - 40%
PK3 Defense
1 - 0% - 60%
2 - 0% - 40%
44 Forward
1 - 59% - 60% - 1:10
2 - 41% - 40% - 0:49
44 Defense
1 - 50% - 60% - 1:00
2 - 50% - 40% - 0:59
Last Minute Offensive  - 0:00
Last Minute Defensive  - 0:00
Total
Forward - 60:00
Defense - 60:00

% Time on Ice - Capitals

Lines # - Real PCT - Wanted PCT - Time Play
Normal Forward
1 - 37% - 40% - 18:37
2 - 32% - 30% - 16:11
3 - 24% - 20% - 11:55
4 - 7% - 10% - 3:22
Normal Defense
1 - 35% - 40% - 17:22
2 - 31% - 30% - 15:27
3 - 21% - 20% - 10:28
4 - 14% - 10% - 6:48
PP Forward
1 - 53% - 60% - 2:06
2 - 47% - 40% - 1:52
PP Defense
1 - 55% - 60% - 2:10
2 - 45% - 40% - 1:48
PK Forward
1 - 68% - 60% - 2:43
2 - 32% - 40% - 1:15
PK Defense
1 - 48% - 60% - 1:54
2 - 52% - 40% - 2:04
PK3 Forward
1 - 0% - 60%
2 - 0% - 40%
PK3 Defense
1 - 0% - 60%
2 - 0% - 40%
44 Forward
1 - 92% - 60% - 1:50
2 - 8% - 40% - 0:09
44 Defense
1 - 39% - 60% - 0:47
2 - 61% - 40% - 1:12
Last Minute Offensive  - 0:00
Last Minute Defensive  - 0:00
Total
Forward - 60:00
Defense - 60:00

Play by Play

1st period


0:01 of 1st period - Mike Fisher wins face-off versus Ryan Kesler in neutral zone.
0:01 of 1st period - Rick Nash is hit by Taylor Hall and loses puck.
0:18 of 1st period - Mike Fisher is hit by Taylor Hall and loses puck.
1:56 of 1st period - Shot by Chris Wideman.
1:56 of 1st period - Shot Blocked by Mike Green.
2:19 of 1st period - Icing by Calvin de Haan.
2:20 of 1st period - Mike Fisher wins face-off versus Andrew Desjardins in Capitals zone.
4:02 of 1st period - Shot by Marian Hossa.
4:02 of 1st period - Shot Misses the Net.
4:04 of 1st period - Shot by Dwight King.
4:04 of 1st period - Stopped by Cam Ward with a rebound.
4:15 of 1st period - Off-side.
4:16 of 1st period - Brian Gionta wins face-off versus Ryan Kesler in neutral zone.
4:19 of 1st period - Shot by Rick Nash.
4:19 of 1st period - Shot Misses the Net.
4:21 of 1st period - Shot by Mike Fisher.
4:21 of 1st period - Goal by Mike Fisher - Blues : 1 - Capitals : 0.
4:22 of 1st period - Mike Fisher wins face-off versus Taylor Hall in neutral zone.
4:28 of 1st period - Icing by Jack Johnson.
4:29 of 1st period - Ryan Kesler wins face-off versus Michael Raffl in Capitals zone.
4:45 of 1st period - Shot by Ryan Kesler.
4:45 of 1st period - Shot Blocked by John-Michael Liles.
4:47 of 1st period - Shot by Jack Johnson.
4:47 of 1st period - Shot Blocked by Brian Flynn.
5:12 of 1st period - Shot by Ryan Kesler.
5:12 of 1st period - Stopped by Ryan Miller without a rebound.
5:13 of 1st period - Mike Fisher wins face-off versus Andrew Desjardins in Blues zone.
5:24 of 1st period - Shot by Mike Fisher.
5:24 of 1st period - Shot Blocked by Andrew Desjardins.
5:44 of 1st period - Minor Penalty to Calvin de Haan for Roughing.
5:45 of 1st period - Ryan Kesler wins face-off versus Dwight King in Capitals zone.
6:03 of 1st period - Marian Hossa is hit by Mike Green and loses puck.
6:06 of 1st period - Shot by Niklas Kronwall.
6:06 of 1st period - Stopped by Cam Ward with a rebound.
6:12 of 1st period - Shot by Matt Irwin.
6:12 of 1st period - Stopped by Cam Ward without a rebound.
6:13 of 1st period - Taylor Hall wins face-off versus Mike Fisher in Capitals zone.
6:30 of 1st period - Shot by Mike Fisher.
6:30 of 1st period - Shot Misses the Net.
6:48 of 1st period - Shot by Brian Gionta.
6:48 of 1st period - Shot Misses the Net.
7:44 of 1st period - Shot by Cody Eakin.
7:44 of 1st period - Deflect By David Desharnais.
7:44 of 1st period - Stopped by Ryan Miller without a rebound.
7:45 of 1st period - Sergey Kalinin wins face-off versus Brian Flynn in Blues zone.
8:13 of 1st period - Kris Versteeg is hit by Andrew Desjardins.
8:14 of 1st period - Icing by Kris Versteeg.
8:15 of 1st period - Brian Flynn wins face-off versus Mathieu Perreault in Blues zone.
9:31 of 1st period - Icing by Johnny Boychuk.
9:32 of 1st period - Ryan Kesler wins face-off versus Mike Fisher in Blues zone.
9:40 of 1st period - Ryan Kesler is hit by Jay Bouwmeester and loses puck.
9:51 of 1st period - Shot by Ryan Kesler.
9:51 of 1st period - Stopped by Ryan Miller with a rebound.
10:06 of 1st period - Minor Penalty to Ryan Kesler for Interference.
10:06 of 1st period - Minor Penalty to Cal Clutterbuck for Hooking.
10:07 of 1st period - David Desharnais wins face-off versus Marian Hossa in neutral zone.
10:10 of 1st period - Shot by Mike Green.
10:10 of 1st period - Shot Blocked by Matt Irwin.
10:27 of 1st period - Shot by Alexander Ovechkin.
10:27 of 1st period - Goal by Alexander Ovechkin - Blues : 1 - Capitals : 1.
10:28 of 1st period - David Desharnais wins face-off versus Marian Hossa in neutral zone.
10:51 of 1st period - Shot by Alexander Ovechkin.
10:51 of 1st period - Deflect By David Desharnais.
10:51 of 1st period - Shot Misses the Net.
10:53 of 1st period - Shot by David Desharnais.
10:53 of 1st period - Stopped by Ryan Miller with a rebound.
10:55 of 1st period - Shot by Ryan McDonagh.
10:55 of 1st period - Goal by Ryan McDonagh - Blues : 1 - Capitals : 2.
10:56 of 1st period - Adam Cracknell wins face-off versus Taylor Hall in neutral zone.
11:10 of 1st period - Shot by Jiri Hudler.
11:10 of 1st period - Stopped by Cam Ward with a rebound.
11:12 of 1st period - Shot by Jay Bouwmeester.
11:12 of 1st period - Goal by Jay Bouwmeester - Blues : 2 - Capitals : 2.
11:13 of 1st period - Mike Fisher wins face-off versus Taylor Hall in neutral zone.
11:22 of 1st period - Shot by Brian Gionta.
11:22 of 1st period - Stopped by Cam Ward without a rebound.
11:23 of 1st period - Mike Fisher wins face-off versus David Desharnais in Capitals zone.
11:25 of 1st period - Brian Gionta is hit by Mike Green and loses puck.
12:04 of 1st period - Ryan McDonagh is hit by Mike Fisher and loses puck.
12:32 of 1st period - Shot by Marian Hossa.
12:32 of 1st period - Shot Misses the Net.
12:41 of 1st period - Jay McClement is hit by Dmitri Orlov and loses puck.
13:20 of 1st period - Shot by Kris Versteeg.
13:20 of 1st period - Shot Misses the Net.
13:41 of 1st period - Off-side.
13:42 of 1st period - Jay McClement wins face-off versus Alexander Ovechkin in neutral zone.
15:28 of 1st period - Dmitri Orlov is hit by Brian Flynn and loses puck.
16:18 of 1st period - Icing by Morgan Rielly.
16:19 of 1st period - Jay McClement wins face-off versus Mathieu Perreault in Capitals zone.
16:42 of 1st period - Shot by Marian Hossa.
16:42 of 1st period - Shot Misses the Net.
16:58 of 1st period - Shot by Mike Fisher.
16:58 of 1st period - Goal by Mike Fisher - Blues : 3 - Capitals : 2.
16:59 of 1st period - Ryan Kesler wins face-off versus Brian Flynn in neutral zone.
17:16 of 1st period - Jay Bouwmeester is hit by Alexander Ovechkin.
18:27 of 1st period - Shot by Marian Hossa.
18:27 of 1st period - Shot Blocked by Ryan McDonagh.
18:29 of 1st period - Shot by Marian Hossa.
18:29 of 1st period - Goal by Marian Hossa - Blues : 4 - Capitals : 2.
18:29 of 1st period - Chris Driedger enters game.
18:30 of 1st period - Jay McClement wins face-off versus Ryan Kesler in neutral zone.
18:43 of 1st period - Shot by Marian Hossa.
18:43 of 1st period - Stopped by Chris Driedger without a rebound.
18:44 of 1st period - Brian Flynn wins face-off versus Cody Eakin in Capitals zone.
19:11 of 1st period - Shot by Michael Raffl.
19:11 of 1st period - Shot Misses the Net.
19:31 of 1st period - Brian Flynn is hit by Cody Eakin.
19:32 of 1st period - Icing by Brian Flynn.
19:33 of 1st period - Sergey Kalinin wins face-off versus Brian Flynn in Blues zone.
Goals for this period are 4 for Blues vs 2 for Capitals.
Shots for this period are 10 for Blues vs 6 for Capitals.

2nd period


0:01 of 2nd period - Ryan Kesler wins face-off versus Mike Fisher in neutral zone.
0:04 of 2nd period - Shot by Alexander Ovechkin.
0:04 of 2nd period - Shot Blocked by Jay Bouwmeester.
1:16 of 2nd period - Sergey Kalinin is hit by Niklas Kronwall and loses puck.
1:52 of 2nd period - Minor Penalty to Matt Irwin for Interference.
1:53 of 2nd period - Mike Fisher wins face-off versus Viktor Stalberg in Blues zone.
2:06 of 2nd period - Shot by Viktor Stalberg.
2:06 of 2nd period - Stopped by Ryan Miller without a rebound.
2:07 of 2nd period - Ryan Kesler wins face-off versus Mike Fisher in Blues zone.
2:14 of 2nd period - Shot by Ryan McDonagh.
2:14 of 2nd period - Stopped by Ryan Miller without a rebound.
2:15 of 2nd period - Viktor Stalberg wins face-off versus Mike Fisher in Blues zone.
2:16 of 2nd period - Shot by Ryan McDonagh.
2:16 of 2nd period - Shot Misses the Net.
2:18 of 2nd period - Shot by Cody Eakin.
2:18 of 2nd period - Shot Blocked by Johnny Boychuk.
2:20 of 2nd period - Shot by Jack Johnson.
2:20 of 2nd period - Stopped by Ryan Miller without a rebound.
2:21 of 2nd period - Ryan Kesler wins face-off versus Mike Fisher in Blues zone.
2:38 of 2nd period - Shot by Ryan McDonagh.
2:38 of 2nd period - Stopped by Ryan Miller without a rebound.
2:39 of 2nd period - Marian Hossa wins face-off versus Viktor Stalberg in Blues zone.
2:45 of 2nd period - Icing by Mike Green.
2:46 of 2nd period - Viktor Stalberg wins face-off versus Mike Fisher in Capitals zone.
2:46 of 2nd period - Viktor Stalberg is hit by Mike Fisher.
2:51 of 2nd period - Mike Green is hit by Mike Fisher and loses puck.
3:06 of 2nd period - Shot by Mike Green.
3:06 of 2nd period - Shot Misses the Net.
3:08 of 2nd period - Shot by Calvin de Haan.
3:08 of 2nd period - Shot Misses the Net.
3:33 of 2nd period - Icing by Ryan McDonagh.
3:34 of 2nd period - Mike Fisher wins face-off versus Ryan Kesler in Capitals zone.
3:37 of 2nd period - Shot by Mike Fisher.
3:37 of 2nd period - Stopped by Chris Driedger without a rebound.
3:38 of 2nd period - Ryan Kesler wins face-off versus Brian Gionta in Capitals zone.
3:56 of 2nd period - Icing by Niklas Kronwall.
3:57 of 2nd period - Ryan Kesler wins face-off versus Jay McClement in Blues zone.
4:34 of 2nd period - Icing by Ryan Kesler.
4:35 of 2nd period - Brian Flynn wins face-off versus Ryan Kesler in Capitals zone.
4:42 of 2nd period - Shot by Kris Versteeg.
4:42 of 2nd period - Stopped by Chris Driedger without a rebound.
4:43 of 2nd period - Sergey Kalinin wins face-off versus Mike Fisher in Capitals zone.
4:43 of 2nd period - Sergey Kalinin is hit by Mike Fisher.
4:58 of 2nd period - Shot by Mike Fisher.
4:58 of 2nd period - Shot Misses the Net.
5:10 of 2nd period - Shot by Brian Gionta.
5:10 of 2nd period - Stopped by Chris Driedger without a rebound.
5:11 of 2nd period - Mathieu Perreault wins face-off versus Brian Flynn in Capitals zone.
5:59 of 2nd period - Off-side.
6:00 of 2nd period - Ryan Kesler wins face-off versus Mike Fisher in neutral zone.
6:10 of 2nd period - Shot by Brian Gionta.
6:10 of 2nd period - Deflect By Mike Fisher.
6:10 of 2nd period - Shot Misses the Net.
6:12 of 2nd period - Shot by Jay Bouwmeester.
6:12 of 2nd period - Stopped by Chris Driedger without a rebound.
6:13 of 2nd period - Sergey Kalinin wins face-off versus Jay McClement in Capitals zone.
6:17 of 2nd period - Icing by Mike Green.
6:18 of 2nd period - Sergey Kalinin wins face-off versus Mike Fisher in Capitals zone.
6:35 of 2nd period - Shot by David Desharnais.
6:35 of 2nd period - Stopped by Ryan Miller without a rebound.
6:36 of 2nd period - Ryan Kesler wins face-off versus Jay McClement in Blues zone.
6:45 of 2nd period - Minor Penalty to Niklas Kronwall for Tripping.
6:46 of 2nd period - Mike Fisher wins face-off versus Taylor Hall in Blues zone.
7:29 of 2nd period - Shot by Ryan McDonagh.
7:29 of 2nd period - Stopped by Ryan Miller without a rebound.
7:30 of 2nd period - Marian Hossa wins face-off versus Viktor Stalberg in Blues zone.
7:38 of 2nd period - Off-side.
7:39 of 2nd period - Viktor Stalberg wins face-off versus Mike Fisher in neutral zone.
7:48 of 2nd period - Shot by Calvin de Haan.
7:48 of 2nd period - Stopped by Ryan Miller without a rebound.
7:49 of 2nd period - Ryan Kesler wins face-off versus Mike Fisher in Blues zone.
7:49 of 2nd period - Ryan Kesler is hit by Jay Bouwmeester.
8:17 of 2nd period - Shot by Ryan Kesler.
8:17 of 2nd period - Stopped by Ryan Miller without a rebound.
8:18 of 2nd period - Rick Nash wins face-off versus Viktor Stalberg in Blues zone.
9:03 of 2nd period - Shot by Ryan Kesler.
9:03 of 2nd period - Shot Hit the Post.
9:31 of 2nd period - Shot by Marian Hossa.
9:31 of 2nd period - Shot Misses the Net.
9:46 of 2nd period - Icing by Niklas Kronwall.
9:47 of 2nd period - Jay McClement wins face-off versus Mathieu Perreault in Blues zone.
9:47 of 2nd period - Jay McClement is hit by Viktor Stalberg.
10:06 of 2nd period - Icing by Viktor Stalberg.
10:07 of 2nd period - Mike Fisher wins face-off versus Mathieu Perreault in Capitals zone.
10:14 of 2nd period - Shot by Rick Nash.
10:14 of 2nd period - Stopped by Chris Driedger without a rebound.
10:15 of 2nd period - Sergey Kalinin wins face-off versus Mike Fisher in Capitals zone.
10:22 of 2nd period - Shot by Mike Fisher.
10:22 of 2nd period - Stopped by Chris Driedger with a rebound.
10:56 of 2nd period - Mike Green is hit by Rick Nash and loses puck.
11:08 of 2nd period - John-Michael Liles is hit by Calvin de Haan and loses puck.
11:15 of 2nd period - Shot by Brian Flynn.
11:15 of 2nd period - Stopped by Chris Driedger with a rebound.
11:17 of 2nd period - Shot by John-Michael Liles.
11:17 of 2nd period - Goal by John-Michael Liles - Blues : 5 - Capitals : 2.
11:18 of 2nd period - Ryan Kesler wins face-off versus Jay McClement in neutral zone.
11:23 of 2nd period - Ryan Kesler is hit by Niklas Kronwall and loses puck.
12:47 of 2nd period - Shot by Mathieu Perreault.
12:47 of 2nd period - Stopped by Ryan Miller without a rebound.
12:48 of 2nd period - Mike Fisher wins face-off versus Cody Eakin in Blues zone.
13:11 of 2nd period - Shot by Ryan Kesler.
13:11 of 2nd period - Shot Misses the Net.
13:39 of 2nd period - Shot by Sergey Kalinin.
13:39 of 2nd period - Shot Misses the Net.
13:41 of 2nd period - Shot by Ryan Murphy.
13:41 of 2nd period - Shot Misses the Net.
13:43 of 2nd period - Shot by Ryan McDonagh.
13:43 of 2nd period - Goal by Ryan McDonagh - Blues : 5 - Capitals : 3.
13:44 of 2nd period - Ryan Kesler wins face-off versus Jay McClement in neutral zone.
14:13 of 2nd period - Icing by Alexander Ovechkin.
14:14 of 2nd period - Alexander Ovechkin wins face-off versus Brian Flynn in Capitals zone.
14:14 of 2nd period - Alexander Ovechkin is hit by Kris Versteeg.
14:50 of 2nd period - John-Michael Liles is hit by Andrew Desjardins and loses puck.
16:52 of 2nd period - Icing by Matt Irwin.
16:53 of 2nd period - Sergey Kalinin wins face-off versus Jay McClement in Blues zone.
17:38 of 2nd period - Shot by Cal Clutterbuck.
17:38 of 2nd period - Stopped by Chris Driedger without a rebound.
17:39 of 2nd period - Mike Fisher wins face-off versus Ryan Kesler in Capitals zone.
17:59 of 2nd period - Taylor Hall is hit by Mike Fisher.
18:16 of 2nd period - Icing by Jack Johnson.
18:17 of 2nd period - Brian Flynn wins face-off versus Ryan Kesler in Capitals zone.
18:21 of 2nd period - Minor Penalty to Taylor Hall for Hooking.
18:22 of 2nd period - Ryan Kesler wins face-off versus Jay McClement in Capitals zone.
19:20 of 2nd period - Rick Nash is hit by Ryan McDonagh and loses puck.
19:24 of 2nd period - Mike Fisher is hit by Jack Johnson and loses puck.
19:47 of 2nd period - Mike Green is hit by Brian Gionta and loses puck.
Goals for this period are 1 for Blues vs 1 for Capitals.
Shots for this period are 9 for Blues vs 10 for Capitals.

3rd period


0:01 of 3rd period - Mike Fisher wins face-off versus Ryan Kesler in neutral zone.
0:53 of 3rd period - Shot by Matt Irwin.
0:53 of 3rd period - Shot Misses the Net.
0:55 of 3rd period - Shot by Niklas Kronwall.
0:55 of 3rd period - Stopped by Chris Driedger without a rebound.
0:56 of 3rd period - Mike Fisher wins face-off versus Ryan Kesler in Capitals zone.
0:56 of 3rd period - Brian Gionta is hit by Ryan McDonagh and loses puck.
2:04 of 3rd period - Shot by Mike Green.
2:04 of 3rd period - Shot Misses the Net.
2:49 of 3rd period - Off-side.
2:50 of 3rd period - Brian Flynn wins face-off versus Ryan Kesler in neutral zone.
2:52 of 3rd period - Kris Versteeg is hit by Ryan Murphy and loses puck.
3:22 of 3rd period - Kris Versteeg is hit by Ryan McDonagh and loses puck.
3:48 of 3rd period - Marian Hossa is hit by Ryan McDonagh and loses puck.
4:01 of 3rd period - Shot by Marian Hossa.
4:01 of 3rd period - Shot Blocked by Ryan McDonagh.
4:01 of 3rd period - Ryan McDonagh from Capitals is injured at 4:01 of 3rd period (Left Hand).
4:02 of 3rd period - Andrew Desjardins wins face-off versus Brian Flynn in Capitals zone.
5:04 of 3rd period - Icing by Matt Irwin.
5:05 of 3rd period - Jay McClement wins face-off versus Mathieu Perreault in Blues zone.
5:23 of 3rd period - Shot by Cody Eakin.
5:23 of 3rd period - Shot Blocked by Jay Bouwmeester.
5:55 of 3rd period - Marian Hossa is hit by Mathieu Perreault and loses puck.
6:16 of 3rd period - Shot by Marian Hossa.
6:16 of 3rd period - Shot Hit the Post.
6:18 of 3rd period - Shot by Matt Irwin.
6:18 of 3rd period - Stopped by Chris Driedger without a rebound.
6:19 of 3rd period - Ryan Kesler wins face-off versus Brian Flynn in Capitals zone.
6:44 of 3rd period - Icing by Ryan Kesler.
6:45 of 3rd period - Mike Fisher wins face-off versus Ryan Kesler in Capitals zone.
6:46 of 3rd period - Shot by Rick Nash.
6:46 of 3rd period - Shot Misses the Net.
7:22 of 3rd period - Icing by Johnny Boychuk.
7:23 of 3rd period - Mike Fisher wins face-off versus Mathieu Perreault in Blues zone.
7:42 of 3rd period - Shot by Mathieu Perreault.
7:42 of 3rd period - Shot Misses the Net.
7:44 of 3rd period - Shot by Mathieu Perreault.
7:44 of 3rd period - Deflect By Cody Eakin.
7:44 of 3rd period - Shot Misses the Net.
7:46 of 3rd period - Shot by Cody Eakin.
7:46 of 3rd period - Shot Misses the Net.
7:50 of 3rd period - Shot by Mathieu Perreault.
7:50 of 3rd period - Stopped by Ryan Miller with a rebound.
7:52 of 3rd period - Shot by Viktor Stalberg.
7:52 of 3rd period - Shot Misses the Net.
8:07 of 3rd period - Off-side.
8:08 of 3rd period - Brian Flynn wins face-off versus Ryan Kesler in neutral zone.
8:32 of 3rd period - Shot by Alexander Ovechkin.
8:32 of 3rd period - Stopped by Ryan Miller without a rebound.
8:33 of 3rd period - Mike Fisher wins face-off versus Sergey Kalinin in Blues zone.
9:24 of 3rd period - David Desharnais is hit by Michael Raffl and loses puck.
9:58 of 3rd period - Icing by Dmitri Orlov.
9:59 of 3rd period - Alexander Ovechkin wins face-off versus Jay McClement in Capitals zone.
10:08 of 3rd period - Shot by Alexander Ovechkin.
10:08 of 3rd period - Shot Blocked by Niklas Kronwall.
10:18 of 3rd period - Shot by Jay McClement.
10:18 of 3rd period - Shot Misses the Net.
10:20 of 3rd period - Shot by Jay McClement.
10:20 of 3rd period - Shot Misses the Net.
10:22 of 3rd period - Shot by Jay McClement.
10:22 of 3rd period - Stopped by Chris Driedger without a rebound.
10:23 of 3rd period - Mike Fisher wins face-off versus Mathieu Perreault in Capitals zone.
10:32 of 3rd period - Shot by Brian Gionta.
10:32 of 3rd period - Shot Misses the Net.
10:34 of 3rd period - Shot by Mike Fisher.
10:34 of 3rd period - Stopped by Chris Driedger without a rebound.
10:35 of 3rd period - Cody Eakin wins face-off versus Jay McClement in Capitals zone.
10:55 of 3rd period - Icing by Jay McClement.
10:56 of 3rd period - Jay McClement wins face-off versus Ryan Kesler in Blues zone.
10:56 of 3rd period - Niklas Kronwall is hit by Alexander Ovechkin and loses puck.
11:19 of 3rd period - Shot by Taylor Hall.
11:19 of 3rd period - Stopped by Ryan Miller without a rebound.
11:20 of 3rd period - Mike Fisher wins face-off versus Mathieu Perreault in Blues zone.
11:28 of 3rd period - Johnny Boychuk is hit by Jack Johnson and loses puck.
12:20 of 3rd period - Shot by Michael Raffl.
12:20 of 3rd period - Shot Misses the Net.
12:22 of 3rd period - Shot by Kris Versteeg.
12:22 of 3rd period - Stopped by Chris Driedger with a rebound.
12:32 of 3rd period - Shot by Brian Flynn.
12:32 of 3rd period - Shot Misses the Net.
12:58 of 3rd period - Shot by Marian Hossa.
12:58 of 3rd period - Stopped by Chris Driedger without a rebound.
12:59 of 3rd period - Ryan Kesler wins face-off versus Marian Hossa in Capitals zone.
13:20 of 3rd period - Shot by Marian Hossa.
13:20 of 3rd period - Shot Blocked by Taylor Hall.
13:28 of 3rd period - Shot by Alexander Ovechkin.
13:28 of 3rd period - Shot Misses the Net.
13:58 of 3rd period - Shot by Brian Gionta.
13:58 of 3rd period - Shot Misses the Net.
14:02 of 3rd period - Shot by Cal Clutterbuck.
14:02 of 3rd period - Shot Misses the Net.
14:26 of 3rd period - Brian Flynn is hit by Ryan Kesler and loses puck.
14:35 of 3rd period - Shot by Brian Flynn.
14:35 of 3rd period - Shot Blocked by Ryan Murphy.
15:13 of 3rd period - Shot by Brian Gionta.
15:13 of 3rd period - Stopped by Chris Driedger without a rebound.
15:14 of 3rd period - Jay McClement wins face-off versus Mathieu Perreault in Capitals zone.
15:14 of 3rd period - Dwight King is hit by Dmitri Orlov and loses puck.
15:31 of 3rd period - Shot by Mathieu Perreault.
15:31 of 3rd period - Shot Misses the Net.
15:43 of 3rd period - Shot by Viktor Stalberg.
15:43 of 3rd period - Shot Misses the Net.
15:45 of 3rd period - Shot by Viktor Stalberg.
15:45 of 3rd period - Stopped by Ryan Miller without a rebound.
15:46 of 3rd period - Brian Flynn wins face-off versus Sergey Kalinin in Blues zone.
15:48 of 3rd period - John-Michael Liles is hit by Sergey Kalinin and loses puck.
15:57 of 3rd period - Shot by Kris Versteeg.
15:57 of 3rd period - Shot Misses the Net.
15:59 of 3rd period - Shot by Kris Versteeg.
15:59 of 3rd period - Shot Blocked by Calvin de Haan.
16:01 of 3rd period - Shot by John-Michael Liles.
16:01 of 3rd period - Shot Hit the Post.
16:03 of 3rd period - Shot by Kris Versteeg.
16:03 of 3rd period - Deflect By Michael Raffl.
16:03 of 3rd period - Stopped by Chris Driedger with a rebound.
16:05 of 3rd period - Shot by Michael Raffl.
16:05 of 3rd period - Shot Blocked by Calvin de Haan.
16:10 of 3rd period - Kris Versteeg is hit by Mike Green and loses puck.
16:49 of 3rd period - Shot by Mike Fisher.
16:49 of 3rd period - Stopped by Chris Driedger without a rebound.
16:50 of 3rd period - Mathieu Perreault wins face-off versus Jay McClement in Capitals zone.
16:59 of 3rd period - Shot by Mathieu Perreault.
16:59 of 3rd period - Shot Misses the Net.
17:01 of 3rd period - Shot by Viktor Stalberg.
17:01 of 3rd period - Deflect By Mathieu Perreault.
17:01 of 3rd period - Stopped by Ryan Miller without a rebound.
17:02 of 3rd period - Mathieu Perreault wins face-off versus Jay McClement in Blues zone.
17:03 of 3rd period - Shot by Dmitri Orlov.
17:03 of 3rd period - Shot Blocked by Johnny Boychuk.
17:10 of 3rd period - Icing by Jay Bouwmeester.
17:11 of 3rd period - Jay McClement wins face-off versus Cody Eakin in Blues zone.
17:32 of 3rd period - Shot by Marian Hossa.
17:32 of 3rd period - Shot Misses the Net.
17:34 of 3rd period - Shot by Jay McClement.
17:34 of 3rd period - Shot Misses the Net.
18:20 of 3rd period - Shot by Brian Gionta.
18:20 of 3rd period - Stopped by Chris Driedger with a rebound.
19:06 of 3rd period - Icing by David Desharnais.
19:07 of 3rd period - Sergey Kalinin wins face-off versus Mike Fisher in Capitals zone.
19:50 of 3rd period - Dmitri Orlov is hit by Jay McClement and loses puck.
Goals for this period are 0 for Blues vs 0 for Capitals.
Shots for this period are 10 for Blues vs 5 for Capitals.